 Dungeon Crawl Stone Soup version 0.30-a0-913-g9934a0ce24 (webtiles) character file.

Game seed: 3316256859835207553

3002 Jeffwins the Skirmisher (level 10, -7/70 HPs)
             Began as a Human Wanderer on Mar 19, 2023.
             Was a Follower of Ashenzari.
             Mangled by a komodo dragon (16 damage)
             ... on level 7 of the Dungeon.
             The game lasted 00:12:54 (6708 turns).

Jeffwins the Skirmisher (Human Wanderer)            Turns: 6708, Time: 00:12:55

Health: -7/70      AC: 10    Str: 15    XL:     10   Next: 9%
Magic:  0/13       EV: 12    Int: 13    God:    Ashenzari [*.....]
Gold:   353        SH:  0    Dex: 14    Spells: 10/13 levels left

rFire   . . .      SeeInvis .    a - +1 shortbow
rCold   + . .      Faith    .    (shield currently unavailable)
rNeg    . . .      Spirit   +    v - +2 robe {rC+}
rPois   .          Reflect  .    (no helmet)
rElec   .          Rampage  .    (no cloak)
rCorr   .                        I - +1 pair of gloves "Tethered With Me" {Range, Bglg} (curse)
Will    +....                    (no boots)
Stlth   +++                      G - amulet of guardian spirit
HPRegen 0.31/turn                e - ring of willpower
MPRegen 0.13/turn                O - ring of Supernal Wisdom {AC+4, Elem, Cun} (curse)

@: no status effects
A: no striking features
a: Renounce Religion, Shatter the Chains


You were on level 7 of the Dungeon.
You worshipped Ashenzari.
Ashenzari was aware of your devotion.
You visited 2 branches of the dungeon, and saw 8 of its levels.
You also visited: Sewer.

You collected 418 gold pieces.
You spent 65 gold pieces at shops.


   Skills:
 - Level 3.0 Fighting
 * Level 1.7 Long Blades
 * Level 9.6(10.4) Ranged Weapons
 - Level 1.0 Armour
 - Level 1.0(1.4) Dodging
 - Level 5.0(5.7) Stealth
 + Level 2.4 Spellcasting
 * Level 4.2(5.0) Ice Magic
 + Level 6.6 Evocations


You had 10 spell levels left.
You knew the following spells:

 Your Spells              Type           Power      Damage    Failure   Level
x - Frozen Ramparts       Ice            28%        1d5       10%         3

Your spell library contained the following spells:

 Spells                   Type           Power      Damage    Failure   Level
 Freeze                   Ice            56%        1d7       3%          1
 Necrotise                Necr           4%         1d4       24%         1
 Hailstorm                Conj/Ice       8%         3d4       26%         3
 Dazzling Flash           Conj/Hex       2%         N/A       56%         3
 Vampiric Draining        Necr           1%         2d6       58%         3
 Agony                    Necr           1%         N/A       100%        5
 Silence                  Hex/Air        0%         N/A       100%        5
 Yara's Violent Unravell  Hex/Tmut       0%         3d3       100%        5
 Enfeeble                 Hex            0%         N/A       100%        7

Inventory:

Hand Weapons
 a - a +1 shortbow (weapon)
 b - the +10 falchion "Qyelixa" {drain, rPois Str+2 Int+2 Dex+3}
   (You found it on level 6 of the Dungeon)

   Str:       It affects your strength (+2).
   Int:       It affects your intelligence (+2).
   Dex:       It affects your dexterity (+3).
   rPois:     It protects you from poison.
Missiles
 q - 17 poisoned darts
Armour
 v - a +2 robe of cold resistance (worn)
 I - the cursed +1 pair of gloves "Tethered With Me" (worn) {Range, Bglg}
   (You found it on level 5 of the Dungeon)

   It has a curse which improves the following skills: Ranged Combat: Ranged
   Weapons and Throwing.
   Beguiling: Conjurations, Hexes and Translocations.
Jewellery
 e - a ring of willpower (left hand)
 m - an amulet of magic regeneration
 C - a ring of protection from cold
 F - a ring of protection from fire
 G - an amulet of guardian spirit (around neck)
 O - the cursed ring of Supernal Wisdom (right hand) {AC+4, Elem, Cun}
   (You found it on level 6 of the Dungeon)

   [ring of protection]

   AC:        It affects your AC (+4).
   It has a curse which improves the following skills: Elements: Fire Magic, Ice
   Magic, Air Magic and Earth Magic.
   Cunning:   Dodging and Stealth.
Wands
 r - a wand of quicksilver (10)
 s - a wand of flame (14)
 t - a wand of iceblast (1)
 u - a wand of mindburst (4)
 K - a wand of polymorph (2)
Scrolls
 c - 3 scrolls of fog
 f - a scroll of fear
 i - 3 scrolls of identify {@r1}
 j - 2 scrolls of teleportation {@r4}
 o - 3 scrolls of enchant weapon
 w - 2 scrolls of poison {!r}
 E - a scroll of silence {!r}
 H - 2 scrolls of amnesia
 J - a scroll of vulnerability {!r}
Potions
 d - 2 potions of heal wounds {@q2}
 g - 7 potions of curing {@q1}
 h - 3 potions of haste {@q3}
 k - a potion of resistance
 l - a potion of brilliance
 n - 6 potions of flight
 p - 2 potions of might
 x - a potion of mutation {!q}
 z - a potion of invisibility
 A - 3 potions of berserk rage {!q}
 B - a potion of cancellation

Dungeon Overview and Level Annotations

Branches:
Dungeon (7/15)             Temple (1/1) D:5           Sewer (visited)

Altars:
Ashenzari
Cheibriados
Dithmenos
Elyvilon
Fedhas
Gozag
Kikubaaqudgha
Makhleb
Nemelex Xobeh
Okawaru
Qazlal
Trog
Uskayaw
Vehumet
Wu Jian
Yredelemnul
Zin
The Shining One

Shops:
D:2

? #S..........### .....##
#................ .....#.
..#............#. .......
# ##..>.......###
.......####.........### #
~~~~8...##.......#...###.
~~~~~...#...~~~......#...
≈~~~~...#...~~~..........
≈≈~~~..l@...~~~..........
8≈≈~~...##..~~~..........
~≈≈~~........⌠...........
8≈≈~~....##..............
≈≈~~~...###.............#
~~~~~...##..###........##
~~~~~..<.#..####.........
~~~~8...................)
.........................


You could see a komodo dragon.


Message History

Aim: a komodo dragon (heavily wounded, chance to affect: 72%)
The komodo dragon struggles to resist.
The komodo dragon bites you but does no damage.
Unknown command.
Aiming: Mindburst
Press: ? - help, Shift-Dir - straight line, f/p - komodo dragon
Aim: a komodo dragon (heavily wounded, chance to affect: 72%)
The komodo dragon struggles to resist.
The komodo dragon bites you.
* * * LOW HITPOINT WARNING * * *
Unknown command.
Aiming: Mindburst
Press: ? - help, Shift-Dir - straight line, f/p - komodo dragon
Aim: a komodo dragon (heavily wounded, chance to affect: 72%)
The komodo dragon struggles to resist.
The komodo dragon completely misses you.
Unknown command.
Aiming: Quicksilver Bolt
Press: ? - help, Shift-Dir - straight line, f/p - komodo dragon
Aim: a komodo dragon (heavily wounded, 81% to hit)
The bolt of dispelling energy misses the komodo dragon.
The komodo dragon bites you!
* * * LOW HITPOINT WARNING * * *
Unknown command.
Aiming: Quicksilver Bolt
Press: ? - help, Shift-Dir - straight line, f/p - komodo dragon
Aim: a komodo dragon (heavily wounded, 81% to hit)
The bolt of dispelling energy hits the komodo dragon!!
The komodo dragon is almost dead.
The komodo dragon bites you!!
You die...

Skill      XL: |  1  2  3  4  5  6  7  8  9 |
---------------+----------------------------+-----
Stealth        | 1 2 3 4 5 |  5.0
Ranged Weapons | 4 5 6 8 9 |  9.6
Evocations     | 3 4 5 6 |  6.6
Ice Magic      | 4 |  4.2
Spellcasting   | 2 |  2.4
Long Blades    | 1 |  1.7
Fighting       | |  3.0
Armour         | |  1.0
Dodging        | |  1.0

Action                     |  1- 3 |  4- 6 |  7- 9 | 10-12 || total
---------------------------+-------+-------+-------+-------++-------
  Melee: Falchion          |       |       |     4 |     7 ||    11
   Fire: Shortbow          |    83 |   214 |   286 |    33 ||   616
   Cast: Frozen Ramparts   |       |       |     2 |     3 ||     5
 Invoke: Curse Item        |       |       |     1 |     1 ||     2
  Evoke: Wand              |       |     2 |    18 |     7 ||    27
    Use: Scroll            |       |     3 |     3 |       ||     6
         Potion            |       |     1 |       |     1 ||     2
 Armour: Leather armour    |     3 |     7 |       |       ||    10
         Robe              |       |    23 |    38 |    18 ||    79
         Skin              |       |       |       |     3 ||     3
  Dodge: Dodged            |    13 |   100 |   100 |    16 ||   229

Levels and vault maps discovered:
D:1:      lightli_molten_gateway, layout_loops_ring, roderic_serpentine_path,
          chequers_serial_rivers_micro_a, minmay_lizard_pond
D:2:      minmay_wonky_spiral, layout_basic, serial_shops, shop,
          dreamdust_mushroom_princess
D:3:      layout_basic, mainiacjoe_overflow_tiny_flanked,
          mainiacjoe_overflow_catch_the_wave, nicolae_ecumenical_oubliette,
          uniq_jessica, uniq_ijyb
D:4:      layout_cave_pools, minmay_cut_off, uniq_edmund
D:5:      layout_basic, minmay_temple_entry_glass, gup_sewer_entry_pipe,
          ebering_ghost_reflecting_pool, minmay_gold_behind_fungi
D:6:      layout_rooms, nicolae_overflow_quartered_altars
D:7:      layout_cave_pools, serial_park, serial_park_square3
          [serial_park_minivault_5x5_4], serial_park_tiny_pond,
          serial_park_tiny_1, serial_park_fountain, serial_park_tiny_1,
          hangedman_decor_push, chequers_serial_rivers_micro_c, grunt_decor_cap,
          uniq_joseph
Temple:   jpeg_temple_clearing

Notes
Turn   | Place    | Note
-------+----------+-------------------------------------------
     0 | D:1      | Jeffwins the Human Wanderer began the quest for the Orb.
     0 | D:1      | Jeffwins set off with the following items: a +1 shortbow, a
                  | wand of polymorph (3), a scroll of fog, a +0 leather
                  | armour.
     0 | D:1      | Reached XP level 1. HP: 18/18 MP: 1/1
   121 | D:1      | Reached XP level 2. HP: 24/24 MP: 2/2
   262 | D:1      | Reached skill level 1 in Stealth
   501 | D:1      | Reached XP level 3. HP: 28/29 MP: 3/3
   885 | D:2      | Found Ytuopept's Magic Scroll Shoppe.
   894 | D:2      | Bought a scroll of identify for 26 gold pieces
   894 | D:2      | Bought a scroll of teleportation for 39 gold pieces
  1504 | D:2      | Reached XP level 4. HP: 35/35 MP: 4/4
  1760 | D:3      | Noticed Jessica
  1760 | D:3      | Found a faded altar of an unknown god.
  1883 | D:3      | Reached skill level 4 in Ranged Weapons
  1959 | D:3      | Found a glowing silver altar of Zin.
  1996 | D:3      | Noticed Ijyb
  1997 | D:3      | Ijyb changed into Ijyb the howler monkey
  1997 | D:3      | Noticed Ijyb
  2003 | D:3      | Killed Ijyb the howler monkey
  2004 | D:3      | Reached skill level 2 in Stealth
  2004 | D:3      | Reached XP level 5. HP: 41/41 MP: 5/5
  2010 | D:3      | Found a sparkling altar of Nemelex Xobeh.
  2020 | D:3      | Reached skill level 3 in Evocations
  2087 | D:3      | Found a broken altar of Ashenzari.
  2103 | D:3      | Became a worshipper of Ashenzari the Shackled
  2246 | D:3      | Killed Jessica
  2529 | D:4      | Reached XP level 6. HP: 39/47 MP: 6/6
  2672 | D:4      | Reached skill level 5 in Ranged Weapons
  3291 | D:3      | Reached skill level 3 in Stealth
  3675 | D:4      | Reached XP level 7. HP: 52/52 MP: 7/7
  3681 | D:4      | Noticed Edmund
  3688 | D:4      | Killed Edmund
  3689 | D:4      | Reached skill level 6 in Ranged Weapons
  3689 | D:4      | Reached skill level 4 in Evocations
  3812 | D:5      | Entered Level 5 of the Dungeon
  3834 | D:5      | Found a staircase to the Ecumenical Temple.
  3843 | Temple   | Entered the Ecumenical Temple
  3997 | D:5      | Reached skill level 4 in Stealth
  4003 | D:5      | Found a glowing drain.
  4014 | Sewer    | Entered a sewer
  4243 | Sewer    | Reached XP level 8. HP: 45/58 MP: 5/8
  4540 | D:5      | Found a runed translucent door.
  4543 | D:5      | Noticed Darkkill's ghost (novice MiHu)
  4569 | D:5      | Killed Darkkill's ghost
  4570 | D:5      | Reached skill level 7 in Ranged Weapons
  4570 | D:5      | Reached skill level 5 in Stealth
  4570 | D:5      | Reached skill level 5 in Evocations
  5139 | D:5      | Reached skill level 8 in Ranged Weapons
  5173 | D:5      | Reached XP level 9. HP: 30/63 MP: 6/9
  5558 | D:5      | Learned a level 3 spell: Frozen Ramparts
  5795 | D:6      | Reached skill level 1 in Ice Magic
  5798 | D:6      | Noticed a two-headed ogre
  5805 | D:6      | Killed a two-headed ogre
  5806 | D:6      | Reached skill level 9 in Ranged Weapons
  5806 | D:6      | Reached skill level 1 in Spellcasting
  5806 | D:6      | Reached skill level 3 in Ice Magic
  5806 | D:6      | Reached skill level 6 in Evocations
  5948 | D:6      | Reached skill level 2 in Spellcasting
  6020 | D:6      | Found an iron altar of Okawaru.
  6034 | D:6      | Found a basalt altar of Yredelemnul.
  6059 | D:6      | Found a white marble altar of Elyvilon.
  6070 | D:6      | Identified the +10 falchion "Qyelixa" {drain, rPois Str+2
                  | Int+2 Dex+3}
  6264 | D:6      | Found a stormy altar of Qazlal.
  6375 | D:7      | Reached skill level 1 in Long Blades
  6375 | D:7      | Reached skill level 4 in Ice Magic
  6375 | D:7      | Reached XP level 10. HP: 41/70 MP: 6/13
  6416 | D:7      | Identified the cursed +1 pair of gloves "Tethered With Me"
                  | {Range, Bglg} (You found it on level 5 of the Dungeon)
  6550 | D:7      | Reached * piety under Ashenzari
  6550 | D:7      | Identified a potion of resistance
  6688 | D:7      | Noticed a komodo dragon
  6708 | D:7      | Mangled by a komodo dragon

Vanquished Creatures
  A two-headed ogre (D:6)
  The ghost of Darkkill the Shooter, a novice MiHu of Gozag (D:5)
  Edmund (D:4)
  A water moccasin (D:7)
  An orc warrior (D:7)
  2 black bears (D:5)
  A sky beast (D:6)
  A centaur (D:5)
  An ogre (D:7)
  A kobold brigand (D:6)
  2 bullfrogs (Sewer)
  A scorpion (D:5)
  A gnoll sergeant (D:5)
  4 howler monkeys
  An electric eel (D:7)
  A jelly (D:6)
  2 gnoll boudas
  A hound (D:6)
  An orc priest (D:6)
  4 sleepcaps
  Jessica (D:3)
  2 iguanas
  4 orc wizards
  13 gnolls
  11 adders
  A shadow imp (D:7)
  A white imp (D:6)
  An ufetubus (D:5)
  3 worms (D:3)
  3 dart slugs
  21 orcs
  9 ball pythons
  6 bats
  9 endoplasms
  11 giant cockroaches
  5 goblins
  7 hobgoblins
  3 jackals
  15 kobolds
  11 quokkas
  11 frilled lizards
  8 rats
185 creatures vanquished.

Vanquished Creatures (others)
  A fungus (D:2)
  3 toadstools (D:5)
4 creatures vanquished.

Grand Total: 189 creatures vanquished

Table legend: (Time is in decaauts)
 A = Elapsed time spent in this place.
 B = Non-inter-level travel time spent in this place.
 C = Inter-level travel time spent in this place.
 D = Time resting spent in this place.
 E = Time spent auto-exploring this place.
 F = Levels seen in this place.
 G = Mean time per level.
                   A        B        C        D        E       F      G
               +--------+--------+--------+--------+--------+-----+--------+
         Total |   6899 |   6623 |    276 |    344 |   4913 |   9 |  766.6 |
       Dungeon |   6158 |   5899 |    259 |    344 |   4333 |   7 |  879.7 |
        Temple |    133 |    116 |     17 |      0 |    105 |   1 |  133.0 |
         Sewer |    607 |    607 |      0 |      0 |    475 |   1 |  607.0 |
               +--------+--------+--------+--------+--------+-----+--------+

Top non-repeatable levels by time:
     D:5: 1135 daAuts
     D:4: 1068 daAuts
     D:3: 972 daAuts
     D:2: 970 daAuts
     D:1: 875 daAuts
     D:6: 773 daAuts
   Sewer: 607 daAuts
     D:7: 362 daAuts
  Temple: 133 daAuts

Table legend:
 A = Non-vault XP
 B = Vault XP
 C = Vault XP percentage of total XP
 D = Non-vault monster count
 E = Vault monster count
 F = Vault count percentage of total count
                 A         B        C        D         E       F
            +---------+---------+-------+---------+---------+-------
      Total |    2975 |    1314 |  30.6 |     139 |      46 |  24.9
            +---------+---------+-------+---------+---------+-------
        D:1 |      33 |       4 |  10.8 |      19 |       4 |  17.4
        D:2 |      30 |       6 |  16.7 |      17 |       2 |  10.5
        D:3 |     146 |      92 |  38.7 |      22 |       2 |   8.3
        D:4 |     228 |     208 |  47.7 |      28 |       7 |  20.0
        D:5 |     696 |     454 |  39.5 |      14 |       4 |  22.2
        D:6 |    1541 |       0 |   0.0 |      29 |       0 |   0.0
        D:7 |     301 |     292 |  49.2 |      10 |       2 |  16.7
      Sewer |       0 |     258 | 100.0 |       0 |      25 | 100.0
            +---------+---------+-------+---------+---------+-------
